[Event "Titled Tuesday Blitz March 01 Late 2022"]
[White "Bellissimo, Joseph F."]
[Black "Holt, Conrad"]
[WhiteFideId "2609843"]
[BlackFideId "2034387"]
[WhiteElo "2061"]
[BlackElo "2586"]
[Result "0-1"]
[Round "02"]
[TimeControl "180+1"]
[Date "2022.03.01"]
[WhiteClock "0:00:18"]
[BlackClock "0:00:32"]

1. e4 e6 2. d4 d5 3. Nd2 c5 4. Ngf3 cxd4 5. exd5 exd5 6. Nxd4 Nc6 7. N2f3 Bd6 8. Bb5 Ne7 9. O-O O-O 10. h3 Qb6 11. Bd3 Nxd4 12. Nxd4 Nc6 13. Be3 Qxb2 14. Qh5 g6 15. Qxd5 Rd8 16. Nxc6 Bh2+ 17. Kxh2 Rxd5 18. Ne7+ Kf8 19. Nxd5 Qe5+ 20. Bf4 Qxd5 21. Rad1 Bf5 22. Rfe1 Bxd3 23. Rxd3 Qc6 24. Bh6+ Kg8 25. Re7 Re8 26. Rxe8+ Qxe8 27. Re3 Qd8 28. g3 f6 29. Rd3 Qc7 30. Bf4 Qxc2 31. Rd8+ Kf7 32. Rd7+ Ke6 33. Rxb7 Qxf2+ 34. Kh1 Qf3+ 35. Kh2 Qxb7 36. h4 Kf5 37. Kh3 Qh1# 0-1


[Site "https://www.chess.com"]

[Event "Titled Tuesday Blitz March 01 Late 2022"]
[White "Bilych, Olexiy"]
[Black "Rustemov, Alexander"]
[WhiteFideId "14156504"]
[BlackFideId "4119002"]
[WhiteElo "2195"]
[BlackElo "2796"]
[Result "0-1"]
[Round "02"]
[TimeControl "180+1"]
[Date "2022.03.01"]
[WhiteClock "0:00:06"]
[BlackClock "0:00:47"]

1. e4 e6 2. d4 d5 3. Nc3 dxe4 4. Nxe4 Bd7 5. Nf3 Bc6 6. Bd3 Nd7 7. Qe2 Ngf6 8. Bf4 Nxe4 9. Bxe4 Bxe4 10. Qxe4 c6 11. O-O Be7 12. c4 O-O 13. Rad1 Qa5 14. Qc2 Rfe8 15. Qb3 Qb4 16. Qxb4 Bxb4 17. c5 Nf6 18. a3 Ba5 19. b4 Bd8 20. Nd2 Nd5 21. Bg3 Be7 22. Nc4 Red8 23. Bd6 Bf6 24. Rd3 Rd7 25. Rb1 a6 26. g3 Be7 27. a4 Bxd6 28. Nxd6 g6 29. b5 axb5 30. axb5 Ne7 31. b6 Nf5 32. Ne4 Kg7 33. g4 Rxd4 34. Rxd4 Nxd4 35. Nd6 Rb8 36. Rb4 e5 37. f4 Ne2+ 38. Kf2 Nxf4 39. Kf3 Ne6 40. Rc4 Kf6 41. Ne4+ Ke7 42. Ra4 f5 43. gxf5 gxf5 44. Ng3 Kf6 45. Rh4 Kg6 46. Rc4 Rd8 47. h4 Rd5 48. h5+ Kf6 49. Ra4 Nxc5 50. Ra8 e4+ 51. Kf2 Rd2+ 52. Ke3 Rd3+ 53. Kf2 f4 54. Rf8+ Kg5 55. Nf5 Rd2+ 56. Ke1 e3 57. Ne7 Nd3+ 58. Kf1 e2+ 59. Kg2 e1=Q+ 60. Kf3 Qe3# 0-1


[Site "https://www.chess.com"]

[Event "Titled Tuesday Blitz March 01 Late 2022"]
[White "Bortnyk, Olexandr"]
[Black "Maze, Sebastien"]
[WhiteFideId "14120828"]
[BlackFideId "613762"]
[WhiteElo "2723"]
[BlackElo "2462"]
[Result "1-0"]
[Round "02"]
[TimeControl "180+1"]
[Date "2022.03.01"]
[WhiteClock "0:00:09"]
[BlackClock "0:00:18"]

1. d4 Nf6 2. Bf4 d5 3. e3 c5 4. Nf3 Nc6 5. Bb5 cxd4 6. exd4 Qa5+ 7. Nc3 Ne4 8. Qd3 Nxc3 9. bxc3 Bd7 10. O-O e6 11. Rfe1 Be7 12. Bxc6 Bxc6 13. Ne5 Bf6 14. Qg3 Bxe5 15. Bxe5 Rg8 16. Bc7 Qa3 17. Bd6 Qa5 18. Qh4 Qd8 19. Qxh7 Kd7 20. Bg3 Qf6 21. Qd3 Qf5 22. Qd2 f6 23. Re3 Rge8 24. Rae1 Rac8 25. Rf3 Qg6 26. Qf4 Ke7 27. h3 Kf7 28. Bh4 Rh8 29. Re2 Rce8 30. Bg3 Qf5 31. Qc7+ Kg6 32. Rxf5 exf5 33. Rxe8 Rxe8 34. Bd6 f4 35. Bxf4 Re2 36. Bd6 Rxc2 37. Bf8 Kf5 38. Qxg7 Ke4 39. Qg6+ f5 40. Qg3 Rc1+ 41. Kh2 f4 42. Qg6# 1-0


[Site "https://www.chess.com"]

[Event "Titled Tuesday Blitz March 01 Late 2022"]
[White "Burke, Paul"]
[Black "Kevlishvili, Robby"]
[WhiteFideId "2605767"]
[BlackFideId "1040634"]
[WhiteElo "1819"]
[BlackElo "2584"]
[Result "0-1"]
[Round "02"]
[TimeControl "180+1"]
[Date "2022.03.02"]
[WhiteClock "0:01:21"]
[BlackClock "0:02:02"]

1. e4 c5 2. d4 cxd4 3. c3 Nf6 4. e5 Nd5 5. Nf3 e6 6. Bd3 dxc3 7. bxc3 d6 8. Qe2 Nc6 9. O-O dxe5 10. Nxe5 Nxe5 11. Qxe5 Qd6 12. Bb5+ Bd7 13. Bxd7+ Kxd7 14. Qe2 Ke8 15. Ba3 Qc6 16. Bxf8 Kxf8 17. c4 Nf4 18. Qf3 Qxf3 19. gxf3 Ke7 20. Nd2 Rhd8 21. Rfd1 Rac8 22. Rab1 b6 23. a3 Ne2+ 24. Kg2 Nc3 0-1


[Site "https://www.chess.com"]

[Event "Titled Tuesday Blitz March 01 Late 2022"]
[White "Buscar, Michael"]
[Black "Melkumyan, Hrant"]
[WhiteFideId "2603616"]
[BlackFideId "13302485"]
[WhiteElo "2010"]
[BlackElo "2604"]
[Result "0-1"]
[Round "02"]
[TimeControl "180+1"]
[Date "2022.03.02"]
[WhiteClock "0:01:38"]
[BlackClock "0:01:50"]

1. d4 Nf6 2. Nf3 g6 3. g3 b6 4. Bg2 Bb7 5. O-O Bg7 6. c4 O-O 7. b3 Ne4 8. Bb2 d6 9. Nfd2 d5 10. cxd5 Nxd2 11. Nxd2 Bxd5 12. e4 Bb7 13. Re1 Bxd4 14. Bxd4 Qxd4 15. Rc1 c5 16. Qc2 Nc6 17. Nf3 Qd6 18. Rcd1 Qc7 19. Qc1 Ne5 20. h4 Rfd8 21. h5 Nxf3+ 22. Bxf3 Qe5 23. Rd5 Bxd5 24. exd5 Qf6 25. d6 Qxf3 26. dxe7 Re8 27. h6 Qf6 28. Qe3 Rac8 29. g4 Rc7 30. g5 Qxe7 0-1


[Site "https://www.chess.com"]

[Event "Titled Tuesday Blitz March 01 Late 2022"]
[White "Cabarkapa, Novak"]
[Black "Renjith, Sravan"]
[WhiteFideId "943746"]
[BlackFideId "4306783"]
[WhiteElo "2443"]
[BlackElo "1863"]
[Result "0-1"]
[Round "02"]
[TimeControl "180+1"]
[Date "2022.03.02"]
[WhiteClock "0:00:05"]
[BlackClock "0:00:05"]

1. d4 d5 2. Nc3 e6 3. e4 dxe4 4. Nxe4 Be7 5. Nf3 Nf6 6. Nxf6+ Bxf6 7. Bd3 Nd7 8. c3 O-O 9. h4 c5 10. Bxh7+ Kxh7 11. Ng5+ Kg8 12. Qh5 Re8 13. Qxf7+ Kh8 14. h5 Qe7 15. Qg6 Nf8 16. Qe4 Bxg5 17. h6 g6 18. h7 Bf6 19. Bh6 cxd4 20. O-O-O Bg5+ 21. Bxg5 Qxg5+ 22. f4 Qf5 23. Qxd4+ e5 24. Qd5 Qxf4+ 25. Kb1 Be6 26. Qxb7 Rab8 27. Qg7+ Kxg7 28. h8=Q+ Kf7 29. Rdf1 Bf5+ 30. Ka1 Qd2 31. Rb1 Bxb1 32. Rxb1 Ke7 33. Qg7+ Kd6 34. Qxa7 Ne6 35. Qg1 Ke7 36. Qa7+ Kd6 37. Qg1 Ke7 38. Qa7+ Qd7 39. Qa3+ Kf7 40. Qa5 Nf4 41. g3 Qe6 42. gxf4 exf4 43. Qc7+ Kg8 44. a3 Ra8 45. Rh1 Re7 46. Qc5 Rd7 47. Qg5 Rad8 48. Rc1 f3 49. Qg3 f2 50. Qxf2 Rd1 51. Qc2 Rxc1+ 52. Qxc1 Qe2 53. Ka2 Rd1 54. Qg5 Qc4+ 55. b3 Qe2+ 56. Qd2 Qxd2# 0-1


[Site "https://www.chess.com"]

[Event "Titled Tuesday Blitz March 01 Late 2022"]
[White "Cagara, Paulina"]
[Black "Johnson, Donald"]
[WhiteFideId "1124870"]
[BlackFideId "30949122"]
[WhiteElo "1828"]
[BlackElo "1724"]
[Result "0-1"]
[Round "02"]
[TimeControl "180+1"]
[Date "2022.03.02"]
[WhiteClock "0:00:19"]
[BlackClock "0:00:36"]

1. e4 c5 2. Nc3 d6 3. g3 g6 4. Bg2 Bg7 5. f4 Nc6 6. d3 e5 7. Nf3 Nge7 8. O-O O-O 9. h3 Be6 10. g4 exf4 11. Bxf4 d5 12. Ng5 dxe4 13. Nxe6 fxe6 14. Nxe4 Bxb2 15. c3 Bxa1 16. Qxa1 Qxd3 17. Rd1 Qc4 18. Bh6 Nd5 19. Nd6 Qa4 20. c4 Nf6 21. g5 Nh5 22. Ne4 Nd4 23. Nxc5 Ne2+ 24. Kh2 Qxc4 25. Nxe6 Qxe6 26. Bd5 Qxd5 27. Bxf8 Rxf8 28. Rxd5 Rf2+ 29. Kh1 Nhg3# 0-1


[Site "https://www.chess.com"]

[Event "Titled Tuesday Blitz March 01 Late 2022"]
[White "Cardoso Cardoso, Jose Gabriel"]
[Black "Bibasa, Bob"]
[WhiteFideId "4430492"]
[BlackFideId "10000240"]
[WhiteElo "2451"]
[BlackElo "2056"]
[Result "1-0"]
[Round "02"]
[TimeControl "180+1"]
[Date "2022.03.01"]
[WhiteClock "0:00:24"]
[BlackClock "0:00:17"]

1. Nf3 c5 2. g3 g6 3. Bg2 Bg7 4. O-O Nf6 5. c4 O-O 6. Nc3 Nc6 7. d3 d5 8. cxd5 Nxd5 9. Bd2 Nxc3 10. Bxc3 e5 11. Nd2 Qc7 12. Rc1 Be6 13. b4 cxb4 14. Bxb4 Rfd8 15. Qa4 Rac8 16. Bxc6 bxc6 17. Ba5 Qe7 18. Bxd8 Rxd8 19. Qxc6 Bd5 20. Qc5 Qe6 21. Ne4 Bh6 22. Qc7 Rf8 23. Rc5 f5 24. Nc3 Ba8 25. Rb1 f4 26. Ne4 fxg3 27. hxg3 Bxe4 28. dxe4 Qf6 29. Rf1 Be3 30. Rc3 Bxf2+ 31. Kg2 h5 32. Rf3 Qg5 33. Rxf8+ Kxf8 34. Rxf2+ 1-0


[Site "https://www.chess.com"]

[Event "Titled Tuesday Blitz March 01 Late 2022"]
[White "Carre, Sylvain"]
[Black "Golubovskis, Maksims"]
[WhiteFideId "642118"]
[BlackFideId "11608528"]
[WhiteElo "2105"]
[BlackElo "2066"]
[Result "0-1"]
[Round "02"]
[TimeControl "180+1"]
[Date "2022.03.02"]
[WhiteClock "0:00:39"]
[BlackClock "0:01:04"]

1. d4 Nf6 2. Bf4 c5 3. d5 g6 4. Nc3 Bg7 5. e4 O-O 6. Nf3 Qa5 7. Bd2 d6 8. Bc4 a6 9. a4 Bg4 10. h3 Bxf3 11. Qxf3 Nbd7 12. O-O Ne5 13. Qe2 Nfd7 14. Ba2 Nf6 15. f4 Ned7 16. Kh2 Qb4 17. e5 dxe5 18. fxe5 Nxe5 19. Rf4 Qb6 20. Kh1 Nh5 21. Rff1 Ng3+ 0-1


[Site "https://www.chess.com"]

[Event "Titled Tuesday Blitz March 01 Late 2022"]
[White "Chyngyz, Sultai"]
[Black "Suarez Uriel, Adrian"]
[WhiteFideId "13803158"]
[BlackFideId "22230874"]
[WhiteElo "1339"]
[BlackElo "2316"]
[Result "0-1"]
[Round "02"]
[TimeControl "180+1"]
[Date "2022.03.02"]
[WhiteClock "0:01:12"]
[BlackClock "0:00:54"]

1. e4 c5 2. Nf3 Nc6 3. d4 cxd4 4. Nxd4 g6 5. Nxc6 bxc6 6. Qd4 Nf6 7. e5 Nd5 8. e6 Nf6 9. exd7+ Qxd7 10. Qxd7+ Bxd7 11. Bc4 Bg7 12. O-O O-O 13. Re1 e5 14. b3 Bf5 15. Na3 e4 16. Bb2 Rad8 17. Rad1 Nd5 18. Bxg7 Kxg7 19. Bxd5 cxd5 20. Nb5 Be6 21. Nd4 Rfe8 22. Rd2 f5 23. Red1 Bf7 24. Nc6 Rd7 25. c4 Rc8 26. Ne5 Rd6 27. Nxf7 Kxf7 28. Rxd5 Ra6 29. R1d2 h5 30. Rd7+ Ke6 31. Kf1 Rxa2 32. Rxa2 Kxd7 33. Rxa7+ Ke6 34. Ra6+ Ke5 35. Ke2 Rb8 36. Ra5+ Kd4 37. Rb5 Rxb5 38. cxb5 Kc5 39. f3 exf3+ 40. Kxf3 g5 41. Ke3 h4 42. b6 Kxb6 43. Kd4 f4 44. Ke4 Kb5 45. Kf5 h3 46. g3 fxg3 47. hxg3 h2 48. Kxg5 h1=Q 49. g4 Qd5+ 50. Kf6 Qg8 51. g5 Kb4 52. g6 Kxb3 53. g7 Kc4 54. Kg6 Kd5 55. Kh6 Ke5 56. Kg6 Ke6 57. Kh6 Kf5 58. Kh5 Qh7# 0-1


[Site "https://www.chess.com"]

[Event "Titled Tuesday Blitz March 01 Late 2022"]
[White "Coelho, Ramyres Santana"]
[Black "Golubev, Mikhail"]
[WhiteFideId "2120690"]
[BlackFideId "14100983"]
[WhiteElo "1888"]
[BlackElo "2374"]
[Result "0-1"]
[Round "02"]
[TimeControl "180+1"]
[Date "2022.03.02"]
[WhiteClock "0:00:03"]
[BlackClock "0:00:02"]

1. e4 c5 2. Nf3 d6 3. d4 Nf6 4. Nc3 cxd4 5. Nxd4 Nc6 6. f3 e5 7. Nb3 Be7 8. Be3 O-O 9. Qd2 a5 10. a4 Be6 11. Bb5 Nb4 12. O-O d5 13. Nxd5 Nbxd5 14. exd5 Nxd5 15. Bc5 b6 16. Bxe7 Qxe7 17. Rae1 f6 18. Qf2 Qc7 19. Nd4 exd4 20. Rxe6 Ne3 21. Rc1 Rac8 22. Rxe3 dxe3 23. Qxe3 Qc5 24. Qxc5 Rxc5 25. b3 Rd8 26. Bc4+ Kf8 27. Re1 Rd2 28. Bd3 Rg5 29. g3 h5 30. f4 Rc5 31. Re6 h4 32. Rxb6 hxg3 33. hxg3 Rh5 34. Rb8+ Ke7 35. Rb7+ Kf8 36. Bg6 Rh3 37. Rf7+ Kg8 38. f5 Rxg3+ 39. Kf1 Rh3 40. Ke1 Rg2 41. Kf1 Rxc2 42. Kg1 Rd3 43. Rc7 Rd1# 0-1


[Site "https://www.chess.com"]

[Event "Titled Tuesday Blitz March 01 Late 2022"]
[White "Cupid, Kevin"]
[Black "Rorrer, Grayson"]
[WhiteFideId "7700512"]
[BlackFideId "30944996"]
[WhiteElo "2096"]
[BlackElo "2122"]
[Result "1-0"]
[Round "02"]
[TimeControl "180+1"]
[Date "2022.03.02"]
[WhiteClock "0:00:20"]
[BlackClock "0:00:16"]

1. d4 Nf6 2. c4 e6 3. Nf3 Bb4+ 4. Nbd2 b6 5. Qb3 a5 6. a3 Bxd2+ 7. Bxd2 Bb7 8. c5 O-O 9. Rc1 a4 10. Qc2 d6 11. Bg5 Nbd7 12. c6 Bc8 13. cxd7 Bxd7 14. e3 h6 15. Bxf6 Qxf6 16. Bd3 c5 17. O-O Rac8 18. Qe2 e5 19. dxe5 dxe5 20. h3 Bc6 21. Bb5 e4 22. Bxc6 Rxc6 23. Nh2 Qe6 24. Qc4 Qe5 25. Qxa4 Rg6 26. f4 exf3 27. Nxf3 Qxe3+ 28. Kh1 Qe2 29. Nh4 Rg5 30. Qc2 Qe6 31. Rce1 Qc6 32. Qe4 Qb5 33. Qe2 Qb3 34. Rf3 Qa4 35. Nf5 Kh7 36. Qe4 Qd7 37. h4 Rg6 38. Ne7 f5 39. Nxf5 Kh8 40. Ne7 Rgf6 41. Ng6+ Kg8 42. Nxf8 1-0


[Site "https://www.chess.com"]

[Event "Titled Tuesday Blitz March 01 Late 2022"]
[White "Daggupati, Balaji"]
[Black "Vusatiuk, Vladimir"]
[WhiteFideId "2090759"]
[BlackFideId "14118610"]
[WhiteElo "2750"]
[BlackElo "2157"]
[Result "0-1"]
[Round "02"]
[TimeControl "180+1"]
[Date "2022.03.02"]
[WhiteClock "0:00:01"]
[BlackClock "0:00:19"]

1. e4 c5 2. Nf3 d6 3. d4 cxd4 4. Nxd4 Nf6 5. Nc3 Nc6 6. Bg5 Bd7 7. Qd2 Rc8 8. O-O-O Nxd4 9. Qxd4 Qa5 10. f4 h6 11. Bxf6 gxf6 12. Kb1 Qc5 13. Qd3 f5 14. e5 e6 15. Be2 Rg8 16. g4 fxg4 17. Qh7 Rg7 18. Qh8 d5 19. f5 d4 20. fxe6 Bxe6 21. Bb5+ Ke7 22. Qxh6 Qxe5 23. Rhe1 Qg5 24. Qh8 dxc3 25. Rd7+ Kf6 26. Rf1+ Kg6 27. Rdxf7 Rxf7 28. Bd3+ Bf5 29. Qg8+ Bg7 0-1


[Site "https://www.chess.com"]

[Event "Titled Tuesday Blitz March 01 Late 2022"]
[White "Delorme, Alban"]
[Black "Leenhouts, Koen"]
[WhiteFideId "623636"]
[BlackFideId "1008439"]
[WhiteElo "2197"]
[BlackElo "2409"]
[Result "0-1"]
[Round "02"]
[TimeControl "180+1"]
[Date "2022.03.02"]
[WhiteClock "0:01:58"]
[BlackClock "0:01:21"]

1. d4 d5 2. Nf3 Nf6 3. g3 e6 4. Bg2 c6 5. O-O Nbd7 6. c4 dxc4 7. a4 a5 8. Qc2 Be7 9. Qxc4 O-O 10. Nc3 Nd5 11. e4 Nxc3 12. bxc3 Nf6 13. Ne5 Nd7 14. f4 Nxe5 15. dxe5 b6 16. Qb3 Ba6 17. Rd1 Bc5+ 18. Kh1 Bc4 19. Qc2 Qe7 20. f5 exf5 21. exf5 Qxe5 22. Bf4 Qf6 23. h4 h6 24. Qe4 Bd5 25. Qe2 Bxg2+ 26. Qxg2 Qxf5 27. Qxc6 Qh3# 0-1


[Site "https://www.chess.com"]

[Event "Titled Tuesday Blitz March 01 Late 2022"]
[White "Derraugh, Geordie"]
[Black "Maksimovic, Bojan"]
[WhiteFideId "2603950"]
[BlackFideId "14408120"]
[WhiteElo "2116"]
[BlackElo "2450"]
[Result "0-1"]
[Round "02"]
[TimeControl "180+1"]
[Date "2022.03.02"]
[WhiteClock "0:00:15"]
[BlackClock "0:00:34"]

1. e4 g6 2. d4 Bg7 3. Nc3 d6 4. h3 a6 5. Nf3 b5 6. Bd3 Bb7 7. a4 b4 8. Ne2 Nf6 9. Ng3 Nbd7 10. O-O O-O 11. Re1 e5 12. Bg5 h6 13. Bxf6 Qxf6 14. c3 exd4 15. cxd4 c5 16. e5 Qe7 17. exd6 Qxd6 18. Ne4 Qd5 19. dxc5 Nxc5 20. Nxc5 Qxc5 21. Rb1 Rfd8 22. Qe2 b3 23. Rbc1 Qh5 24. Be4 Bxe4 25. Qxe4 Qd5 26. Qxd5 Rxd5 27. Re2 Rb8 28. Rc6 a5 29. Rc7 Bf6 30. g3 Kg7 31. Ra7 Rb4 32. Re3 Bxb2 33. Ree7 Rf5 34. Nh4 Rf6 35. Rxa5 Bd4 36. Rb5 Rxb5 37. axb5 b2 38. Re1 Bxf2+ 0-1


[Site "https://www.chess.com"]

[Event "Titled Tuesday Blitz March 01 Late 2022"]
[White "Desideri, Ricardo Maruchi"]
[Black "Yuan, Qingyu"]
[WhiteFideId "2110440"]
[BlackFideId "8609772"]
[WhiteElo "1945"]
[BlackElo "2359"]
[Result "0-1"]
[Round "02"]
[TimeControl "180+1"]
[Date "2022.03.02"]
[WhiteClock "0:01:19"]
[BlackClock "0:01:14"]

1. e4 c5 2. Nf3 d6 3. d4 cxd4 4. Nxd4 Nf6 5. Nc3 a6 6. Rg1 e5 7. Nb3 h5 8. h3 Be6 9. g4 hxg4 10. hxg4 d5 11. exd5 Nxd5 12. Qf3 Nxc3 13. Qxc3 Nc6 14. Bd2 Rc8 15. O-O-O Nd4 16. Qd3 Rxc2+ 17. Kb1 Rc8 18. f4 Nxb3 19. Qxd8+ Rxd8 20. axb3 Bxb3 21. Re1 Rxd2 22. Rxe5+ Kd8 0-1


[Site "https://www.chess.com"]

[Event "Titled Tuesday Blitz March 01 Late 2022"]
[White "Dias, Joao Batista"]
[Black "Martin Barcelo, Carles"]
[WhiteFideId "2108240"]
[BlackFideId "24561444"]
[WhiteElo "1898"]
[BlackElo "1875"]
[Result "1-0"]
[Round "02"]
[TimeControl "180+1"]
[Date "2022.03.02"]
[WhiteClock "0:01:00"]
[BlackClock "0:00:03"]

1. e4 e6 2. d4 d5 3. Nc3 Nf6 4. e5 Nfd7 5. Be3 c5 6. f4 cxd4 7. Bxd4 Nc6 8. Bf2 Bb4 9. a3 Bxc3+ 10. bxc3 Na5 11. Bd3 Qc7 12. Ne2 b6 13. O-O Nc5 14. Bd4 Ba6 15. Rf3 Rc8 16. Rg3 g6 17. Qd2 Nxd3 18. cxd3 Nb3 19. Qb2 Nxa1 20. Qxa1 Qc6 21. Qd1 Qb5 22. h4 h5 23. Kh2 Qb2 24. a4 Rc7 25. Re3 O-O 26. Qe1 Qc2 27. Qg3 Kh7 28. Qg5 Bxd3 29. Ng3 Be4 30. Rxe4 dxe4 31. Nxh5 Rh8 32. f5 exf5 33. e6 Qe2 34. Qf6 Rg8 35. exf7 Qxh5 36. fxg8=Q+ Kxg8 37. Qd8+ Kh7 38. Qh8# 1-0


[Site "https://www.chess.com"]

[Event "Titled Tuesday Blitz March 01 Late 2022"]
[White "Dobre, Claudiu-Cristian"]
[Black "Redzisz, Michal"]
[WhiteFideId "1211854"]
[BlackFideId "21816107"]
[WhiteElo "2207"]
[BlackElo "1961"]
[Result "1-0"]
[Round "02"]
[TimeControl "180+1"]
[Date "2022.03.02"]
[WhiteClock "0:00:10"]
[BlackClock "0:00:02"]

1. c4 Nf6 2. Nc3 g6 3. Nf3 Bg7 4. d4 d6 5. e4 O-O 6. Be2 Nbd7 7. O-O e5 8. Qc2 exd4 9. Nxd4 Re8 10. Rd1 Qe7 11. Ndb5 Nc5 12. Bg5 Qd7 13. f3 a6 14. Nd4 Ne6 15. Nxe6 Qxe6 16. Qd2 Bd7 17. Rac1 Rac8 18. Bf1 Bc6 19. b4 Nh5 20. b5 Bd7 21. Nd5 Kh8 22. a4 f5 23. Re1 Qf7 24. exf5 gxf5 25. Rxe8+ Rxe8 26. Nxc7 Re5 27. Qxd6 f4 28. Bh4 Re3 29. Bf2 Be5 30. Qd5 Qxd5 31. cxd5 Ra3 32. bxa6 bxa6 33. Nxa6 Bxa4 34. Bc4 Nf6 35. Nc5 Be8 36. Ne4 Nd7 37. Rd1 Kg7 38. d6 Ra4 39. Bb5 Rb4 40. Bxd7 Bxd7 41. Nc5 Ba4 42. d7 Bxd1 43. d8=Q Rb1 44. Qe7+ Kh6 45. Qh4+ Kg7 46. Qg5+ Kf7 47. Qf5+ Kg8 48. Qxb1 1-0


[Site "https://www.chess.com"]

[Event "Titled Tuesday Blitz March 01 Late 2022"]
[White "Domingo Nunez, Alejandro"]
[Black "Ohanyan, Emin"]
[WhiteFideId "22245561"]
[BlackFideId "13312022"]
[WhiteElo "2215"]
[BlackElo "1809"]
[Result "1-0"]
[Round "02"]
[TimeControl "180+1"]
[Date "2022.03.02"]
[WhiteClock "0:00:07"]
[BlackClock "0:00:01"]

1. c4 e5 2. Nc3 Nf6 3. Nf3 Nc6 4. e3 Bb4 5. Qc2 Bxc3 6. Qxc3 Qe7 7. Be2 d5 8. cxd5 Nxd5 9. Qb3 Nb6 10. d3 O-O 11. O-O Be6 12. Qc3 f6 13. b3 a5 14. d4 e4 15. Nd2 f5 16. Nc4 Nd5 17. Qd2 b5 18. Ba3 Ndb4 19. Nb2 Rab8 20. Nd1 Qd7 21. Rc1 Rb6 22. Rc5 Rfb8 23. Nc3 Ne7 24. Rc1 Na6 25. Rxb5 Nb4 26. Rxa5 Nec6 27. Rc5 Ra8 28. Na4 Rbb8 29. Bb5 Rxb5 30. Rxb5 Nd3 31. Rc3 Nxd4 32. Rb7 Nb5 33. Nb6 Qe8 34. Nxa8 Nxc3 35. Nxc7 Qc6 36. Rb8+ Kf7 37. Nxe6 Kxe6 38. Bb2 Nd5 39. h3 Qc7 40. Rb5 Qc6 41. a4 Nc7 42. Bd4 Nxb5 43. axb5 Qxb5 44. Qc3 g5 45. b4 Qxb4 46. Qc8+ Kd5 47. Qxf5+ Kc4 48. Qxe4 Qb1+ 49. Kh2 Qf1 50. Qf3 Nxf2 51. Qc6+ Kd3 52. Qa6+ Ke4 53. Qxf1 1-0


[Site "https://www.chess.com"]

[Event "Titled Tuesday Blitz March 01 Late 2022"]
[White "Donatti, Alvaro"]
[Black "Nilsen, Tobias Lang"]
[WhiteFideId "3000303"]
[BlackFideId "1521624"]
[WhiteElo "2138"]
[BlackElo "2013"]
[Result "0-1"]
[Round "02"]
[TimeControl "180+1"]
[Date "2022.03.02"]
[WhiteClock "0:00:03"]
[BlackClock "0:00:15"]

1. e4 e6 2. d4 c5 3. Nf3 cxd4 4. Nxd4 Nf6 5. Bd3 Nc6 6. Nb3 Qc7 7. O-O a6 8. c4 Be7 9. Nc3 h5 10. Re1 Ng4 11. g3 Nce5 12. Be2 Nxc4 13. Bd3 Nce5 14. Bf4 g5 15. Bxe5 Qxe5 16. Rc1 b5 17. Nd5 exd5 18. exd5 Qd6 19. Qe2 Bb7 20. Nd4 Nh6 21. Qxh5 Qf6 22. Qe2 Bxd5 23. Rc5 Be6 24. Nxe6 dxe6 25. Rc7 Rd8 26. Qe4 Nf5 27. Qc6+ Kf8 28. Qxa6 Rxd3 29. Rc8+ Kg7 30. Rxh8 Kxh8 31. Qxb5 Rd2 32. Rf1 Nd4 33. Qe8+ Kg7 34. Qa4 Qf3 35. Qxd4+ Rxd4 0-1


[Site "https://www.chess.com"]

[Event "Titled Tuesday Blitz March 01 Late 2022"]
[White "Dong, Bao Nghia"]
[Black "Pein, Jonathan"]
[WhiteFideId "12400343"]
[BlackFideId "417092"]
[WhiteElo "2360"]
[BlackElo "2140"]
[Result "1-0"]
[Round "02"]
[TimeControl "180+1"]
[Date "2022.03.02"]
[WhiteClock "0:01:03"]
[BlackClock "0:00:05"]

1. d4 c5 2. c4 cxd4 3. Qxd4 Nc6 4. Qc3 e6 5. a3 a5 6. Nd2 Nf6 7. e4 Qb6 8. h3 Bb4 9. axb4 axb4 10. Rxa8 bxc3 11. Rxc8+ Ke7 12. Rxh8 cxd2+ 13. Bxd2 Nxe4 14. Be3 Qxb2 15. Bd3 Qc3+ 16. Ke2 f5 17. Nf3 Ne5 18. Nxe5 Qb2+ 19. Kf3 Qxe5 20. Rd1 Kf7 21. Rd8 Ke7 22. Rxd7+ Kxd7 23. Bxe4+ Ke7 24. Bxb7 Qc7 25. Rb1 Qxc4 26. g3 h6 27. Kg2 Kf6 28. Bf3 g5 29. Rb6 g4 30. hxg4 fxg4 31. Bb7 h5 32. Rc6 Qe4+ 33. Kh2 Qb1 34. Bc8 Kg7 35. Bxe6 Qe4 36. Rc7+ Kf6 37. Bc8 h4 38. Bf4 h3 39. Bb7 Qe1 40. Be3 Qa5 41. Rc6+ Ke5 42. Rc5+ 1-0


[Site "https://www.chess.com"]

[Event "Titled Tuesday Blitz March 01 Late 2022"]
[White "Dounis, Alexandros"]
[Black "Morales Flores, Monserrat"]
[WhiteFideId "4213238"]
[BlackFideId "3412016"]
[WhiteElo "2195"]
[BlackElo "2028"]
[Result "1-0"]
[Round "02"]
[TimeControl "180+1"]
[Date "2022.03.02"]
[WhiteClock "0:02:02"]
[BlackClock "0:01:57"]

1. Nf3 Nf6 2. g3 g6 3. Bg2 Bg7 4. O-O O-O 5. d4 d6 6. Nc3 Nc6 7. d5 Nb8 8. h3 e5 9. dxe6 fxe6 10. e4 e5 11. Re1 Nc6 12. Be3 Bd7 13. Qd2 Qc8 14. Kh2 a6 15. Bh6 b5 16. Bxg7 Kxg7 17. Rad1 h5 18. Nd5 Be6 19. Ng5 Bd7 20. f4 exf4 21. gxf4 Qd8 22. Qc3 Kh6 23. e5 dxe5 24. Nxf6 Qxf6 25. Rxd7 Qxf4+ 26. Qg3 Qxg3+ 27. Kxg3 Rf6 28. Nf7+ Kg7 29. Bxc6 Rxf7 30. Rxf7+ 1-0


[Site "https://www.chess.com"]

[Event "Titled Tuesday Blitz March 01 Late 2022"]
[White "Dourerassou, Jonathan"]
[Black "Ladan, Nicholas"]
[WhiteFideId "628050"]
[BlackFideId "30918855"]
[WhiteElo "2513"]
[BlackElo "2364"]
[Result "1-0"]
[Round "02"]
[TimeControl "180+1"]
[Date "2022.03.02"]
[WhiteClock "0:02:19"]
[BlackClock "0:01:45"]

1. d4 d5 2. c4 c6 3. cxd5 cxd5 4. Bf4 Nc6 5. e3 Nf6 6. Nc3 Bf5 7. Qb3 Na5 8. Qa4+ Bd7 9. Qc2 Rc8 10. Bd3 e6 11. Nf3 Be7 12. h3 O-O 13. O-O a6 14. Ne5 Be8 15. Rac1 Nd7 16. Bxh7+ Kh8 17. Bd3 Nxe5 18. Bxe5 b5 19. Qe2 Kg8 20. Qg4 f6 21. Qxe6+ Bf7 22. Qf5 g6 23. Qg4 fxe5 24. Bxg6 Bxg6 25. Qxg6+ Kh8 26. Qh5+ Kg8 27. Qxe5 Nc4 28. Qe6+ Kg7 29. Nxd5 Qd6 30. Qxe7+ 1-0


[Site "https://www.chess.com"]

[Event "Titled Tuesday Blitz March 01 Late 2022"]
[White "Dubov, Daniil"]
[Black "Arabidze, Meri"]
[WhiteFideId "24126055"]
[BlackFideId "13604040"]
[WhiteElo "2791"]
[BlackElo "2329"]
[Result "0-1"]
[Round "02"]
[TimeControl "180+1"]
[Date "2022.03.01"]
[WhiteClock "0:00:06"]
[BlackClock "0:00:05"]

1. d4 Nf6 2. Nf3 e6 3. Bg5 d5 4. e3 Be7 5. Nbd2 h6 6. Bh4 c5 7. c3 Nbd7 8. Bd3 b6 9. O-O Bb7 10. Qb1 Nh5 11. Bg6 Bxh4 12. Bxh5 Bf6 13. Bg4 O-O 14. Bh3 Re8 15. g3 e5 16. dxe5 Nxe5 17. Nxe5 Bxe5 18. Bg2 Qc7 19. Qc2 Rad8 20. Rad1 Qb8 21. Nf3 Bf6 22. Rd2 Qa8 23. Qf5 Bc8 24. Qh5 Bb7 25. Rfd1 g6 26. Qxh6 d4 27. Ne1 Bxg2 28. Nxg2 dxc3 29. bxc3 Bxc3 30. Rd6 Be5 31. R6d2 c4 32. Qg5 Rxd2 33. Rxd2 c3 34. Re2 Qe4 35. Ne1 Rc8 36. f3 Qc4 37. Rc2 Bg7 38. Kg2 b5 39. Qf4 a5 40. Qxc4 Rxc4 41. Nd3 b4 42. Kf2 a4 43. Nc1 Rc7 44. Ke2 Rb7 45. f4 b3 46. axb3 axb3 47. Nxb3 Rxb3 48. e4 Rb2 49. Kd3 Rxc2 50. Kxc2 Bd4 51. e5 Kg7 52. Kd3 Kh6 53. g4 Kg7 54. h4 Kh6 55. Kc2 Kg7 56. Kd3 Kf8 57. Kc2 Ke7 58. Kd3 Ke6 59. Kc2 Be3 60. f5+ gxf5 61. gxf5+ Kxf5 62. Kxc3 Kxe5 63. Kd3 Bh6 64. Ke2 Kf4 65. h5 Kg5 66. Kf3 Kxh5 67. Ke4 Kg6 0-1


[Site "https://www.chess.com"]